 Dungeon Crawl Stone Soup version 0.20.1-1-g8b1a95d (webtiles) character file.

538 grizmgrazm2 the Sneak (level 7, -4/48 HPs)
             Began as a Vampire Enchanter on Sept 30, 2017.
             Killed by divine providence
             ... invoked by an orc priest
              (15 damage)
             ... on level 5 of the Dungeon.
             The game lasted 00:08:45 (2777 turns).

grizmgrazm2 the Sneak (Vampire Enchanter)           Turns: 2777, Time: 00:08:45

Health: -4/48      AC:  4    Str:  7    XL:     7   Next: 5%
Magic:  3/13       EV: 13    Int: 20    God:
Gold:   156        SH:  0    Dex: 14    Spells: 7/14 levels left

rFire    . . .     SeeInvis +   a - +1 dagger
rCold    + . .     Gourm    .   (no shield)
rNeg     + + .     Faith    +   b - +1 robe
rPois    +         Spirit   .   (no helmet)
rElec    .         Reflect  .   (no cloak)
rCorr    .         Harm     .   (no gloves)
MR       .....                  e - +0 pair of boots
Stlth    +++++.....             n - amulet of faith
Regen    0.1/turn               h - +2 ring of slaying
MPRegen  0.2/turn               (no ring)

@: regenerating slowly
A: fangs 3, see invisible, unbreathing
a: Bat Form


You were on level 5 of the Dungeon.
You were very thirsty.

You visited 1 branch of the dungeon, and saw 7 of its levels.

You collected 156 gold pieces.

Inventory:

Hand Weapons
 a - a +1 dagger (weapon)
Armour
 b - a +1 robe (worn)
 e - a +0 pair of boots (worn)
Jewellery
 h - a +2 ring of slaying (left hand)
 n - an amulet of faith (around neck)
Wands
 m - a wand of paralysis (17/24)
Potions
 d - 5 potions of blood
 k - 4 potions of flight
 l - a potion of brilliance {unknown}
 p - a potion of heal wounds {unknown}
Books
 c - a book of Maledictions

   Spells                             Type                      Level
   a - Corona                         Hexes                        1
   b - Ensorcelled Hibernation        Hexes/Ice                    2
   c - Confuse                        Hexes                        3
   d - Tukima's Dance                 Hexes                        3
   e - Dazzling Spray                 Conjuration/Hexes            3


   Skills:
 + Level 1.0 Fighting
 + Level 2.8 Short Blades
 + Level 2.7 Dodging
 + Level 7.3 Stealth
 + Level 4.1 Spellcasting
 + Level 6.9 Hexes


You had 7 spell levels left.
You knew the following spells:

 Your Spells              Type           Power        Failure   Level  Hunger
a - Confuse               Hex            ####....     2%          3    ###....
b - Corona                Hex            ####...      1%          1    None
c - Tukima's Dance        Hex            ####....     2%          3    ###....


Dungeon Overview and Level Annotations

Branches:
Dungeon (7/15)
 Temple: D:4-7

Altars:
Cheibriados
Hepliaklqana
Uskayaw
Vehumet
Yredelemnul

Shops:
D:4 (   D:6 =*(

Annotations:
D:2 1 runed door
D:3 Asgaroth's ghost, amateur FeBe
D:4 Asgaroth's ghost, amateur DrGl


Innate Abilities, Weirdness & Mutations

You heal slowly.
You have razor-sharp teeth.
You have supernaturally acute eyesight. (SInv)
You can survive without breathing.


Message History

You don't have enough magic to cast that spell.
Unknown command.
You feel better. The orc priest hits you with a club.
You barely miss the orc priest.
The orc priest is lightly wounded.
The orc priest closely misses you.
You hit the orc priest.
The orc priest is heavily wounded.
The orc priest calls down the wrath of Beogh upon you.
Beogh smites you!
You feel magically purged. The orc priest hits you with a club.
* * * LOW HITPOINT WARNING * * *
A giant cockroach comes into view.
The orc priest invokes the aid of Beogh against you.
Pain shoots through your body!
* * * LOW HITPOINT WARNING * * *
You fail to use your ability.
The orc priest barely misses you.
The orc priest mumbles some strange prayers to Beogh against you.
Beogh smites you!
You die...

#.#....... #...#
#.# ###.# #.# #.#
### #.# #.# #..
... ###.# #.# #s#
#..<# #.# #.#
#.#.####.###.#
#.#..@.os...>#
#.#.####.#)###
#.#.# #.#.# #.#.#
#.#.#####.# #.#.#
#..........
#.#.######.######.
#.....####.#
###.#.'_##.######.
#.#####.........


You could see an orc priest and a giant cockroach.

Vanquished Creatures
  An ice beast (D:7)
  A sky beast (D:6)
  2 ogres
  A centaur (D:6)
  A scorpion (D:6)
  2 adders
  A gnoll (D:7)
  A dart slug (D:2)
  2 leopard geckos
  6 orcs
  2 giant cockroaches
  3 goblins
  2 hobgoblins
  A quokka (D:6)
  2 bats (D:3)
  A frilled lizard (D:1)
  5 kobolds
  3 rats
37 creatures vanquished.

Notes
Turn   | Place    | Note
-------+----------+-------------------------------------------
     0 | D:1      | grizmgrazm2 the Vampire Enchanter began the quest for the Orb.
     0 | D:1      | Reached XP level 1. HP: 13/13 MP: 3/3
   482 | D:2      | Reached skill level 5 in Stealth
   482 | D:2      | Reached XP level 2. HP: 16/19 MP: 1/5
   624 | D:2      | Reached skill level 5 in Hexes
   639 | D:2      | Found a runed door.
   854 | D:2      | Reached XP level 3. HP: 13/24 MP: 4/6
  1094 | D:2      | Learned a level 3 spell: Confuse
  1458 | D:3      | Noticed an ogre
  1467 | D:3      | Noticed Asgaroth's ghost (amateur FeBe)
  1477 | D:3      | Killed an ogre
  1477 | D:3      | Reached XP level 4. HP: 31/31 MP: 0/8
  1493 | D:4      | Found Ytiacren's Antique Weapon Emporium.
  1493 | D:4      | Noticed Asgaroth's ghost (amateur DrGl)
  1531 | D:5      | Entered Level 5 of the Dungeon
  1790 | D:5      | Learned a level 3 spell: Tukima's Dance
  1819 | D:5      | Found a hide-covered altar of Uskayaw.
  1861 | D:5      | Found a snail-covered altar of Cheibriados.
  1918 | D:6      | Noticed a sky beast
  1918 | D:6      | Noticed an ogre
  1921 | D:6      | Found Ykocwibu's Assorted Antiques.
  1931 | D:7      | Noticed an ice beast
  1941 | D:7      | Killed an ice beast
  1941 | D:7      | Reached skill level 6 in Stealth
  1941 | D:7      | Reached XP level 5. HP: 36/36 MP: 9/9
  2138 | D:6      | Killed an ogre
  2138 | D:6      | Reached XP level 6. HP: 36/42 MP: 0/11
  2188 | D:6      | Found a radiant altar of Vehumet.
  2192 | D:6      | Found Yhaim's Weapon Boutique.
  2197 | D:6      | Killed a sky beast
  2197 | D:6      | Reached skill level 1 in Fighting
  2271 | D:6      | Found a hazy altar of Hepliaklqana.
  2294 | D:6      | Reached skill level 7 in Stealth
  2314 | D:6      | Found a basalt altar of Yredelemnul.
  2664 | D:6      | Found Emeix's Jewellery Boutique.
  2728 | D:6      | Reached XP level 7. HP: 34/48 MP: 9/13
  2777 | D:5      | Killed from afar by an orc priest

Skill      XL: |  1  2  3  4  5  6 |
---------------+-------------------+-----
Stealth        | 5 6 7 |  7.3
Hexes          | 5 6 |  6.9
Short Blades   | 2 |  2.8
Spellcasting   | 3 4 |  4.1
Fighting       | 1 |  1.0
Dodging        | |  2.7

Action                   |  1- 3 |  4- 6 |  7- 9 || total
-------------------------+-------+-------+-------++-------
Melee: Dagger            |    87 |    31 |     8 ||   126
       Bite              |     7 |     2 |       ||     9
 Cast: Corona            |    24 |       |       ||    24
       Confuse           |     4 |     9 |     4 ||    17
 Abil: End Transformatio |     2 |     4 |       ||     6
       Bat Form          |     2 |     4 |       ||     6
  Use: Scroll            |     1 |     4 |     1 ||     6
       Potion            |       |     2 |     3 ||     5
 Stab: Sleeping          |     8 |     4 |       ||    12
       Confused          |     1 |     7 |       ||     8
Armor: Robe              |     8 |     3 |     2 ||    13
Dodge: Dodged            |    53 |    10 |     4 ||    67
